TOP OF THE 1ST |
Seattle Mariners batting - Pitching for New York Yankees : RHP Nick Tropeano
|
Pitching: RHP Nick Tropeano
|
|
Batting: LHB Ben Revere
|
0-0: Swinging Strike 0-1: Foul Ball, location: 2F 0-2: Ball 1-2: Ball 2-2: Ball 3-2: Foul Ball, location: 2F 3-2: Base on Balls
|
Batting: RHB Cameron Maybin
|
0-0: Called Strike 0-1: Ball 1-1: Ball 2-1: SINGLE (Line Drive, 34D) Ben Revere to second
|
Batting: RHB Manny Machado
|
0-0: Called Strike 0-1: Ball 1-1: Called Strike Ben Revere steals 3rd base Cameron Maybin to second 1-2: Ground out 5-3 (Groundball, 56) Ben Revere scores
|
Batting: LHB Preston Tucker
|
0-0: Ball 1-0: Called Strike 1-1: Called Strike 1-2: Foul Ball, location: 2F 1-2: 2-RUN HOME RUN (Flyball, 7D), Distance : 380 ft
|
Batting: LHB Brandon Nimmo
|
0-0: Swinging Strike 0-1: Ball 1-1: Ball 2-1: Foul Ball, location: 2F 2-2: SINGLE (Line Drive, 7S)
|
Batting: RHB Yadier Molina
|
0-0: Ball 1-0: Foul Ball, location: 2F 1-1: Foul Ball, location: 2F 1-2: Strikes out swinging
|
Batting: RHB Christian Villanueva
|
0-0: Foul Ball, location: 2F 0-1: Foul Ball, location: 2F 0-2: Strikes out swinging
|
Top of the 1st over - 3 runs, 3 hits, 0 errors, 1 left on base; Seattle 3 - New York 0 |
BOTTOM OF THE 1ST |
New York Yankees batting - Pitching for Seattle Mariners : RHP Daniel Gossett
|
Pitching: RHP Daniel Gossett
|
|
Batting: RHB Manny Margot
|
0-0: Called Strike 0-1: Bunt for hit to 15 - play at first, batter OUT! 1-3
|
Batting: LHB Willie Calhoun
|
0-0: Ball 1-0: Ball 2-0: Called Strike 2-1: Ball 3-1: Foul Ball, location: 2F 3-2: Foul Ball, location: 2F 3-2: Base on Balls
|
Batting: RHB Ryan Braun
|
0-0: Ball Willie Calhoun steals 2nd base 1-0: Called Strike 1-1: Ball 2-1: Foul Ball, location: 2F 2-2: Ball 3-2: Ground out 6-3 (Groundball, 6)
|
Batting: RHB Jose Abreu
|
0-0: SINGLE (Line Drive, 78S) Willie Calhoun to third Runner from 3rd tries for Home, SAFE, throw by LF to home
|
Batting: RHB Buster Posey
|
0-0: Fly out, F8 (Flyball, 8RM)
|
Bottom of the 1st over - 1 run, 1 hit, 0 errors, 1 left on base; Seattle 3 - New York 1 |
TOP OF THE 2ND |
Seattle Mariners batting - Pitching for New York Yankees : RHP Nick Tropeano
|
Batting: RHB Yunel Escobar
|
0-0: Ball 1-0: Ground out 4-3 (Groundball, 34)
|
Batting: RHB Juremi Profar
|
0-0: Ball 1-0: Ball 2-0: SINGLE (Groundball, 56D)
|
Batting: LHB Ben Revere
|
0-0: Ball 1-0: Swinging Strike 1-1: Called Strike 1-2: SINGLE (Line Drive, 9S) Juremi Profar to second
|
Batting: RHB Cameron Maybin
|
0-0: Ball 1-0: Swinging Strike 1-1: Ball 2-1: Called Strike 2-2: Ball 3-2: Strikes out looking
|
Batting: RHB Manny Machado
|
0-0: Ball 1-0: Ball 2-0: DOUBLE (Flyball, 8RXD) Juremi Profar scores Ben Revere to third Runner from 3rd tries for Home, SAFE, no throw by CF
|
Batting: LHB Preston Tucker
|
0-0: Called Strike 0-1: Ball 1-1: Ground out 6-3 (Groundball, 6M)
|
Top of the 2nd over - 2 runs, 3 hits, 0 errors, 1 left on base; Seattle 5 - New York 1 |
BOTTOM OF THE 2ND |
New York Yankees batting - Pitching for Seattle Mariners : RHP Daniel Gossett
|
Batting: RHB Anthony Rendon
|
0-0: Called Strike 0-1: Ball 1-1: Foul Ball, location: 2F 1-2: Ball 2-2: Ball 3-2: Ground out 4-3 (Groundball, 34)
|
Batting: LHB Brandon Crawford
|
0-0: Ball 1-0: Swinging Strike 1-1: Swinging Strike 1-2: Strikes out swinging
|
Batting: RHB Devon Travis
|
0-0: Called Strike 0-1: Ball 1-1: Ground out 6-3 (Groundball, 6)
|
Bottom of the 2nd over - 0 runs, 0 hits, 0 errors, 0 left on base; Seattle 5 - New York 1 |
TOP OF THE 3RD |
Seattle Mariners batting - Pitching for New York Yankees : RHP Nick Tropeano
|
Batting: LHB Brandon Nimmo
|
0-0: Ball 1-0: Ground out 6-3 (Groundball, 56)
|
Batting: RHB Yadier Molina
|
0-0: Foul Ball, location: 2F 0-1: Called Strike 0-2: Ball 1-2: Fly out, F8 (Flyball, 8RS)
|
Batting: RHB Christian Villanueva
|
0-0: Ball 1-0: Ball 2-0: Ball 3-0: SINGLE (Groundball, 6MD)
|
Batting: RHB Yunel Escobar
|
0-0: Ball 1-0: Fielders Choice at 2nd, 6-4 (Groundball, 6)
|
Top of the 3rd over - 0 runs, 1 hit, 0 errors, 1 left on base; Seattle 5 - New York 1 |
BOTTOM OF THE 3RD |
New York Yankees batting - Pitching for Seattle Mariners : RHP Daniel Gossett
|
Batting: RHB Enrique Hernandez
|
0-0: Called Strike 0-1: Ground out 4-3 (Groundball, 4D)
|
Batting: RHB Manny Margot
|
0-0: Ball 1-0: Foul Ball, location: 2F 1-1: Ground out U3 (Groundball, 34)
|
Batting: LHB Willie Calhoun
|
0-0: Ball 1-0: Called Strike 1-1: Ball 2-1: Fly out, F7 (Flyball, 7LS)
|
Bottom of the 3rd over - 0 runs, 0 hits, 0 errors, 0 left on base; Seattle 5 - New York 1 |
TOP OF THE 4TH |
Seattle Mariners batting - Pitching for New York Yankees : RHP Nick Tropeano
|
Batting: RHB Juremi Profar
|
0-0: Fly out, F4 (Popup, 4)
|
Batting: LHB Ben Revere
|
0-0: Called Strike 0-1: Ball 1-1: SINGLE (Line Drive, 78M)
|
Batting: RHB Cameron Maybin
|
0-0: Called Strike Ben Revere steals 2nd base 0-1: Foul Ball, location: 2F 0-2: Foul Ball, location: 2F 0-2: Ball 1-2: Ball 2-2: Ball 3-2: Base on Balls
|
Batting: RHB Manny Machado
|
0-0: Ball 1-0: Swinging Strike 1-1: Ball 2-1: Swinging Strike 2-2: Strikes out swinging
|
Batting: LHB Preston Tucker
|
0-0: Ball 1-0: Foul Ball, location: 2F 1-1: Fly out, F9 (Flyball, 89M)
|
Top of the 4th over - 0 runs, 1 hit, 0 errors, 2 left on base; Seattle 5 - New York 1 |
BOTTOM OF THE 4TH |
New York Yankees batting - Pitching for Seattle Mariners : RHP Daniel Gossett
|
Batting: RHB Ryan Braun
|
0-0: Ball 1-0: Ball 2-0: Foul Ball, location: 2F 2-1: Fly out, F7 (Flyball, 7LM)
|
Batting: RHB Jose Abreu
|
0-0: SINGLE (Groundball, 56D)
|
Batting: RHB Buster Posey
|
0-0: Ball 1-0: Called Strike 1-1: Ball 2-1: Grounds into double play, 1-6-3 (Groundball, P)
|
Bottom of the 4th over - 0 runs, 1 hit, 0 errors, 0 left on base; Seattle 5 - New York 1 |
TOP OF THE 5TH |
Seattle Mariners batting - Pitching for New York Yankees : RHP Nick Tropeano
|
Batting: LHB Brandon Nimmo
|
0-0: SINGLE (Line Drive, 6D)
|
Batting: RHB Yadier Molina
|
0-0: Ball 1-0: Ball 2-0: Ball 3-0: Called Strike 3-1: Grounds into double play, 5-4-3 (Groundball, 56)
|
Batting: RHB Christian Villanueva
|
0-0: Swinging Strike 0-1: Ground out 3-1 (Groundball, 34)
|
Top of the 5th over - 0 runs, 1 hit, 0 errors, 0 left on base; Seattle 5 - New York 1 |
BOTTOM OF THE 5TH |
New York Yankees batting - Pitching for Seattle Mariners : RHP Daniel Gossett
|
Batting: RHB Anthony Rendon
|
0-0: Ground out 2-3 (Groundball, 2R)
|
Batting: LHB Brandon Crawford
|
0-0: Foul Ball, location: 2F 0-1: Ball 1-1: Fly out, F7 (Flyball, 78M)
|
Batting: RHB Devon Travis
|
0-0: Called Strike 0-1: Swinging Strike 0-2: Ball 1-2: Ball 2-2: Ball 3-2: Foul Ball, location: 2F 3-2: Fly out, F8 (Flyball, 89D)
|
Bottom of the 5th over - 0 runs, 0 hits, 0 errors, 0 left on base; Seattle 5 - New York 1 |
TOP OF THE 6TH |
Seattle Mariners batting - Pitching for New York Yankees : RHP Nick Tropeano
|
Pitching: LHP Xavier Cedeno
|
|
Batting: RHB Yunel Escobar
|
0-0: Called Strike 0-1: Called Strike 0-2: Strikes out swinging
|
Batting: RHB Juremi Profar
|
0-0: Called Strike 0-1: Foul Ball, location: 2F 0-2: Strikes out swinging
|
Batting: LHB Ben Revere
|
0-0: Called Strike 0-1: Foul Ball, location: 2F 0-2: Foul Ball, location: 2F 0-2: Strikes out swinging, 2-3 out at first.
|
Top of the 6th over - 0 runs, 0 hits, 0 errors, 0 left on base; Seattle 5 - New York 1 |
BOTTOM OF THE 6TH |
New York Yankees batting - Pitching for Seattle Mariners : RHP Daniel Gossett
|
Batting: RHB Enrique Hernandez
|
0-0: Swinging Strike 0-1: Ball 1-1: Fly out, F7 (Line Drive, 7)
|
Batting: RHB Manny Margot
|
0-0: Ball 1-0: Called Strike 1-1: Ball 2-1: Ball 3-1: Ground out 1-3 (Groundball, 13)
|
Batting: LHB Willie Calhoun
|
0-0: Called Strike 0-1: Ball 1-1: Swinging Strike 1-2: Fly out, F6 (Popup, 6)
|
Bottom of the 6th over - 0 runs, 0 hits, 0 errors, 0 left on base; Seattle 5 - New York 1 |
TOP OF THE 7TH |
Seattle Mariners batting - Pitching for New York Yankees : LHP Xavier Cedeno
|
Batting: RHB Cameron Maybin
|
0-0: Ball 1-0: Swinging Strike 1-1: Ball 2-1: DOUBLE (Flyball, 8RXD)
|
Batting: RHB Manny Machado
|
0-0: Called Strike Cameron Maybin is caught stealing 3rd base 2-5 0-1: Ball 1-1: Foul Ball, location: 2F 1-2: SINGLE (Line Drive, 56D)
|
Batting: LHB Preston Tucker
|
0-0: Swinging Strike 0-1: Ball 1-1: Ball 2-1: Swinging Strike 2-2: Strikes out swinging
|
Batting: LHB Brandon Nimmo
|
0-0: Foul Ball, location: 2F 0-1: Ball 1-1: Called Strike 1-2: Foul Ball, location: 2F 1-2: Strikes out swinging
|
Top of the 7th over - 0 runs, 2 hits, 0 errors, 1 left on base; Seattle 5 - New York 1 |
BOTTOM OF THE 7TH |
New York Yankees batting - Pitching for Seattle Mariners : RHP Daniel Gossett
|
Batting: RHB Ryan Braun
|
0-0: Called Strike 0-1: Called Strike 0-2: Ball 1-2: Ball 2-2: Foul Ball, location: 2F 2-2: Foul Ball, location: 2F 2-2: Foul Ball, location: 2F 2-2: Ball 3-2: Reached on error, E5 (Groundball, 56S)
|
Batting: RHB Jose Abreu
|
0-0: Ball 1-0: SINGLE (Line Drive, 78S) Ryan Braun to second
|
Batting: RHB Buster Posey
|
0-0: Foul Ball, location: 2F 0-1: Ball 1-1: Ball 2-1: Ball 3-1: Foul Ball, location: 2F 3-2: Grounds into double play, 6-4-3 (Groundball, 56) Ryan Braun to third
|
Batting: RHB Anthony Rendon
|
0-0: Swinging Strike 0-1: Swinging Strike 0-2: Strikes out swinging
|
Bottom of the 7th over - 0 runs, 1 hit, 1 error, 1 left on base; Seattle 5 - New York 1 |
TOP OF THE 8TH |
Seattle Mariners batting - Pitching for New York Yankees : LHP Xavier Cedeno
|
Pitching: LHP John Danks
|
|
Batting: RHB Yadier Molina
|
0-0: Ball 1-0: Ball 2-0: Swinging Strike 2-1: Swinging Strike 2-2: Fly out, F8 (Flyball, 8LD)
|
Batting: RHB Christian Villanueva
|
0-0: Ball 1-0: Foul Ball, location: 2F 1-1: Ball 2-1: Swinging Strike 2-2: Ball 3-2: Strikes out looking
|
Batting: RHB Yunel Escobar
|
0-0: Called Strike 0-1: DOUBLE (Groundball, 3L)
|
Batting: RHB Juremi Profar
|
0-0: Swinging Strike Passed Ball! Yunel Escobar to third 0-1: Ball 1-1: Fly out, F7 (Line Drive, 7)
|
Top of the 8th over - 0 runs, 1 hit, 0 errors, 1 left on base; Seattle 5 - New York 1 |
BOTTOM OF THE 8TH |
New York Yankees batting - Pitching for Seattle Mariners : RHP Daniel Gossett
|
Pitching: RHP Heath Hembree
|
|
Batting: LHB Brandon Crawford
|
0-0: Ground out 1-3 (Groundball, 15)
|
Batting: RHB Devon Travis
|
0-0: Ball 1-0: Ball 2-0: Called Strike 2-1: Foul Ball, location: 2F 2-2: Foul Ball, location: 2F 2-2: Strikes out swinging
|
Batting: RHB Enrique Hernandez
|
0-0: Ball 1-0: Swinging Strike 1-1: Called Strike 1-2: Strikes out looking
|
Bottom of the 8th over - 0 runs, 0 hits, 0 errors, 0 left on base; Seattle 5 - New York 1 |
TOP OF THE 9TH |
Seattle Mariners batting - Pitching for New York Yankees : LHP John Danks
|
Batting: LHB Ben Revere
|
0-0: Ground out U3 (Groundball, 3)
|
Batting: RHB Cameron Maybin
|
0-0: Called Strike 0-1: Called Strike 0-2: Ball 1-2: Foul Ball, location: 2F 1-2: Foul Ball, location: 2F 1-2: Ball 2-2: Ground out 6-3 (Groundball, 6)
|
Batting: RHB Manny Machado
|
0-0: Ball 1-0: Called Strike 1-1: Fly out, F4 (Popup, 4MD)
|
Top of the 9th over - 0 runs, 0 hits, 0 errors, 0 left on base; Seattle 5 - New York 1 |
BOTTOM OF THE 9TH |
New York Yankees batting - Pitching for Seattle Mariners : RHP Heath Hembree
|
Pitching: RHP Edubray Ramos
|
|
Batting: RHB Manny Margot
|
0-0: Ball 1-0: Fly out, F9 (Flyball, 9)
|
Batting: LHB Willie Calhoun
|
0-0: Ball 1-0: SINGLE (Line Drive, 6MD)
|
Batting: RHB Ryan Braun
|
0-0: Ball 1-0: Fly out, F7 (Flyball, 78D)
|
Batting: RHB Jose Abreu
|
0-0: Ball 1-0: Ball 2-0: Ball 3-0: Base on Balls Willie Calhoun to second
|
Batting: RHB Buster Posey
|
0-0: Called Strike 0-1: Ball 1-1: Swinging Strike 1-2: Ball 2-2: Foul Ball, location: 2F 2-2: Foul Ball, location: 2F 2-2: DOUBLE (Flyball, 89D) Willie Calhoun scores Jose Abreu to third
|
Batting: RHB Anthony Rendon
|
0-0: Ball 1-0: Swinging Strike 1-1: Called Strike 1-2: Strikes out swinging
|
Bottom of the 9th over - 1 run, 2 hits, 0 errors, 2 left on base; Seattle 5 - New York 2 |
|